 Dungeon Crawl Stone Soup version 0.31-a0-237-g2d982f9f85 (webtiles) character file.

Game seed: 17866352449422944656

57 qw the Shooter (level 3, 0/29 HPs)
             Began as a Minotaur Hexslinger on July 11, 2023.
             Succumbed to an adder's poison
             ... on level 2 of the Dungeon.
             The game lasted 00:00:25 (1006 turns).

qw the Shooter (Minotaur Hexslinger)                Turns: 1006, Time: 00:00:25

Health: 0/29       AC:  5    Str: 12    XL:     3   Next: 73%
Magic:  3/3        EV: 11    Int: 10    God:
Gold:   40         SH:  0    Dex: 14    Spells: 3/4 levels left

rFire   . . .        Y - +1 sling
rCold   . . .        (no shield)
rNeg    . . .        e - +0 ring mail
rPois   .            (helmet restricted)
rElec   .            (no cloak)
rCorr   .            (no gloves)
SInv    .            (no boots)
Will    .....        (no amulet)
Stlth   +            (no ring)
HPRegen 0.24/turn    (no ring)
MPRegen 0.08/turn

%: no passive effects
@: lethally poisoned (0 -> -16)
A: horns 2, retaliatory headbutt
a: no special abilities


You were on level 2 of the Dungeon.
You visited 1 branch of the dungeon, and saw 2 of its levels.

You collected 40 gold pieces.


Innate Abilities, Weirdness & Mutations

You have a pair of horns on your head.
You reflexively headbutt those who attack you in melee.


   Skills:
 - Level 2.0 Fighting
 + Level 4.0 Ranged Weapons
 - Level 1.1 Armour
 - Level 2.1 Dodging
 - Level 1.0 Spellcasting
 - Level 2.0 Hexes


You had 3 spell levels left.
You knew the following spells:

 Your Spells              Type           Power      Damage    Failure   Level
a - Slow                  Hex            16%        N/A       34%         1

Your spell library contained the following spells:

 Spells                   Type           Power      Damage    Failure   Level
 Inner Flame              Hex/Fire       2%         N/A       83%         3
 Portal Projectile        Hex/Tloc       4%         N/A       83%         3
 Cause Fear               Hex            2%         N/A       98%         4

Inventory:

Hand Weapons
 Y - a +1 sling (weapon)
Armour
 e - a +0 ring mail (worn)
Scrolls
 a - a scroll of teleportation {unknown}
 b - a scroll of butterflies {unknown}
Potions
 g - a potion of lignification {unknown}
 h - a potion of might {unknown}

Dungeon Overview and Level Annotations

Branches:
Dungeon (2/15)

Altars:


Message History

You shoot a sling bullet. The sling bullet misses the adder.
You shoot a sling bullet.
The sling bullet closely misses the adder.
You shoot a sling bullet. The sling bullet hits the adder.
The adder is lightly wounded.
The adder bites you but does no damage.
You shoot a sling bullet.
The sling bullet closely misses the adder.
You hear a shout!
The adder completely misses you.
You hear an angry hiss.
You shoot a sling bullet. The sling bullet misses the adder.
The adder barely misses you. You furiously retaliate!
You headbutt the adder.
A goblin comes into view. It is wielding a +1 dagger of venom.
The adder barely misses you.
You shoot a sling bullet. The sling bullet hits the adder.
The adder is heavily wounded.
The adder bites you.
You are poisoned.
The adder poisons you! The adder bites you.
The goblin hits you with a +1 dagger of venom.
You are more poisoned.
You shoot a sling bullet.
The sling bullet closely misses the adder.
You feel very sick. The adder bites you.
The goblin hits you but does no damage.
You are lethally poisoned!
The adder bites you.
You are more poisoned.
The adder poisons you!
You shoot a sling bullet.
The sling bullet barely misses the adder.
You feel very sick. The adder barely misses you. You furiously retaliate!
You headbutt the adder.
You kill the adder!
The goblin hits you but does no damage.
Your Armour skill increases to level 1!
You shoot a sling bullet. The sling bullet hits the goblin!
You kill the goblin!
You die...

.# ... ..##
## ..# #.#
#.#)# #@#
#.#
#######.####
#..........#
#.#####.##.#
##.##.#
#..##.# #.
#.###.# #.#
#.# #.#


There were no monsters in sight!

Vanquished Creatures
  2 adders (D:2)
  A dart slug (D:1)
  A ball python (D:2)
  7 endoplasms
  A giant cockroach (D:1)
  3 goblins
  6 hobgoblins
  3 bats (D:1)
  5 frilled lizards
  2 kobolds (D:1)
  6 rats (D:1)
37 creatures vanquished.

Notes
Turn   | Place    | Note
-------+----------+-------------------------------------------
     0 | D:1      | qw the Minotaur Hexslinger began the quest for the Orb.
     0 | D:1      | Reached XP level 1. HP: 16/16 MP: 1/1
     0 | D:1      | 0 ||| qw: Version: 0.3-a-52-g30416fa
     0 | D:1      | 0 ||| qw: Game counter: 5779
     0 | D:1      | 0 ||| qw: Melee chars always use a shield: true
     0 | D:1      | 0 ||| qw: God list: Okawaru
     0 | D:1      | 0 ||| qw: Allow faded altars: false
     0 | D:1      | 0 ||| qw: Do Orc after clearing Dungeon:15 true
     0 | D:1      | 0 ||| qw: Do second Lair branch before Depths: true
     0 | D:1      | 0 ||| qw: Lair rune preference: random
     0 | D:1      | 0 ||| qw: Goals: Normal
     0 | D:1      | 0 ||| PLANNING D:1-11
   108 | D:1      | HP: 4/16 [endoplasm (3)]
   202 | D:1      | Reached skill level 3 in Ranged Weapons
   202 | D:1      | Reached XP level 2. HP: 23/23 MP: 2/2
   519 | D:1      | 519 ||| FLEEEEING.
   520 | D:1      | 520 ||| FLEEEEING.
   720 | D:1      | Reached XP level 3. HP: 25/29 MP: 3/3
   753 | D:1      | 753 ||| UPGRADING to +0 ring mail.
   763 | D:1      | 763 ||| DROPPING +0 robe.
   764 | D:1      | 764 ||| READING scroll labelled ECUKOTZ QAFADA.
   765 | D:1      | 765 ||| READING scroll labelled OLIWYE YZALL.
   766 | D:1      | 766 ||| DROPPING scroll of poison.
   995 | D:2      | Reached skill level 4 in Ranged Weapons
  1005 | D:2      | HP: 5/29 [poisoned by an adder]
  1006 | D:2      | Reached skill level 1 in Armour
  1006 | D:2      | Succumbed to an adder's poison

Levels and vault maps discovered:
D:1:      lemuel_arrival_rhombus, layout_basic
D:2:      layout_loops_ring

Skill      XL: |  1  2  3 |
---------------+----------+-----
Ranged Weapons | 3 4 |  4.0
Fighting       | 2 |  2.0
Armour         | 1 |  1.1
Dodging        | |  2.1
Spellcasting   | |  1.0
Hexes          | |  2.0

Action                     || total
---------------------------++-------
   Fire: Sling             ||   110
    Use: Scroll            ||     2
 Armour: Robe              ||     4
         Ring mail         ||    11
  Dodge: Dodged            ||    33

Table legend:
 A = Non-vault XP
 B = Vault XP
 C = Vault XP percentage of total XP
 D = Non-vault monster count
 E = Vault monster count
 F = Vault count percentage of total count
                 A         B        C        D         E       F
            +---------+---------+-------+---------+---------+-------
      Total |      84 |       0 |   0.0 |      37 |       0 |   0.0
            +---------+---------+-------+---------+---------+-------
        D:1 |      43 |       0 |   0.0 |      27 |       0 |   0.0
        D:2 |      41 |       0 |   0.0 |      10 |       0 |   0.0
            +---------+---------+-------+---------+---------+-------
